 Dungeon Crawl Stone Soup version 0.17-a0-2074-gaf3f87d (webtiles) character file.

19351 Eptagon the Basher (level 12, 0/80 HPs)
             Began as a Gargoyle Berserker on Oct 15, 2015.
             Was a High Priest of Trog.
             Slain by a komodo dragon (18 damage)
             ... on level 4 of the Lair of Beasts.
             The game lasted 00:31:41 (12138 turns).

Eptagon the Basher (Gargoyle Berserker)            Turns: 12138, Time: 00:31:41

Health: 0/80       AC: 40    Str: 22    XL:     12   Next: 68%
Magic:  21/21      EV:  9    Int: 12    God:    Trog [*****.]
Gold:   697        SH:  0    Dex: 15    Spells: 0 memorised, 11 levels left

rFire  . . .     SeeInvis .     a - +2 great mace (protect)
rCold  . . .     Clarity  .     w - +6 chain mail of Egalitarianism {rElec MP+9 Dex-4}
rNeg   + . .     SustAt   .     (no shield)
rPois  ∞         Gourm    .     (no helmet)
rElec  +         Spirit   .     g - +0 cloak {rPois}
rCorr  .         Warding  .     D - +2 pair of gloves
rMut   .         Stasis   .     j - +2 pair of boots
MR     +++..                    L - amulet "Jehaop" {Faith Int+4 Dex+6}
Stlth  ..........               (no ring)
                                h - ring of protection from magic

@: regenerating, extremely resistant to hostile enchantments, extremely
unstealthy
A: negative energy resistance 1, electricity resistance, unbreathing,
petrification resistance, rot immunity, AC +8
a: Burn Spellbooks, Berserk, Trog's Hand, Brothers in Arms, Renounce Religion


You were on level 4 of the Lair of Beasts.
You worshipped Trog.
Trog was extremely pleased with you.
You were not hungry.

You visited 2 branches of the dungeon, and saw 14 of its levels.
You also visited: Ossuary and Bailey.

You collected 1304 gold pieces.
You spent 607 gold pieces at shops.

Inventory:

Hand Weapons
 a - a +2 great mace of protection (weapon)
Missiles
 H - 24 tomahawks of returning (quivered)
Armour
 g - a +0 cloak of poison resistance (worn)
 j - a +2 pair of boots (worn)
 w - the +6 chain mail of Egalitarianism (worn) {rElec MP+9 Dex-4}
   (You found it on level 5 of the Dungeon)

   It affects your dexterity (-4).
   It insulates you from electricity.
   It affects your magic capacity (+9).
 D - a +2 pair of gloves (worn)
Jewellery
 h - a ring of protection from magic (left hand)
 L - the amulet "Jehaop" (around neck) {Faith Int+4 Dex+6}
   (You took it off a kobold in a bailey)

   [amulet of faith]

   It allows you to gain divine favour quickly.
   It affects your intelligence (+4).
   It affects your dexterity (+6).
 O - an uncursed ring of teleportation
Wands
 v - a wand of disintegration (11)
 x - a wand of fire (8)
 y - a wand of cold (8)
 B - a wand of fire (4)
 E - a wand of digging (12)
 F - a wand of fire (10)
 G - a wand of draining (8)
 K - a wand of cold (11)
 N - a wand of teleportation (7)
 Q - a wand of disintegration (10)
Scrolls
 d - 8 scrolls of remove curse
 i - 4 scrolls of recharging
 p - 4 scrolls of enchant weapon
 q - 7 scrolls of teleportation
 s - a scroll of brand weapon
 u - 2 scrolls of magic mapping
 A - 3 scrolls of fog
 I - 2 scrolls of identify
 M - a scroll of summoning
 P - 4 scrolls of blinking
Potions
 b - a potion of invisibility
 e - 5 potions of heal wounds
 m - 11 potions of curing
 n - a potion of cancellation
 o - 2 potions of resistance
 r - 2 potions of agility
 J - 2 potions of flight
Comestibles
 c - 7 bread rations
 f - 3 slices of pizza
 k - 6 beef jerkies
 l - 19 fruits
 t - a royal jelly
 z - 4 meat rations
 C - 2 chunks of flesh


   Skills:
 + Level 11.5 Fighting
 * Level 14.6 Maces & Flails
 + Level 11.1 Armour
 - Level 1.5 Dodging


You had 11 spell levels left.
You didn't know any spells.

Dungeon Overview and Level Annotations

Branches:
Dungeon (10/15)            Temple (0/1) D:7            Lair (4/8) D:10
 Spider (0/4) Lair:3          Orc (0/4) D:10
  Swamp: Lair:3-6    Shoals: Lair:3-6

Altars:
Ashenzari
Cheibriados
Dithmenos
Kikubaaqudgha
Makhleb
Nemelex Xobeh
Okawaru
Qazlal
Vehumet

Shops:
D:4 *   D:6 *   D:10 ?


Innate Abilities, Weirdness & Mutations

You are resistant to torment.
Your stone body is resilient (AC +8).
You are immune to poison.
You resist negative energy.
You are resistant to electric shocks.
You can survive without breathing.
You are immune to petrification.
You are immune to rotting.


Message History

The komodo dragon is severely wounded.
The komodo dragon bites you!
You barely miss the komodo dragon.
The komodo dragon is severely wounded.
The komodo dragon bites you but does no damage.
The komodo dragon bites you!
The komodo dragon bites you but does no damage.
You closely miss the komodo dragon.
Some of the chunks of flesh in your inventory have rotted away.
You barely miss the komodo dragon. The komodo dragon bites you!
You sock the komodo dragon!
The komodo dragon is moderately wounded.
The komodo dragon bites you!
* * * LOW HITPOINT WARNING * * *
You are too injured to fight recklessly!
Use which ability?
Your skin crawls.
You feel resistant to hostile enchantments.
You feel slightly more hungry. The komodo dragon bites you!!
You die...

#... #..# P..###
#..#.# ... ##....##
.... #......# ....)
######......# .....
##...###S.#
.........##.....@ll.#
..............#.###.#
.............#### ##
)...........##
......>.....# #####
......P.....###.#P###
..................P.#
....................#
....................#
#


You could see 2 komodo dragons and a water moccasin.

Vanquished Creatures
  A hydra (Lair:4)
  Urug (Lair:1)
  A hill giant (D:5)
  A wolf spider (Lair:3)
  2 black mambas
  4 spiny frogs
  2 fire drakes
  6 komodo dragons
  2 trolls
  Prince Ribbit (D:5)
  2 blink frogs (Lair:3)
  A deep elf mage (D:10)
  A spriggan (Lair:2)
  A basilisk (Lair:2)
  6 yaks
  A steam dragon (D:8)
  3 hippogriffs
  9 wolves
  A swamp drake (D:10)
  4 porcupines
  2 black bears
  An ice beast (D:10)
  7 water moccasins
  2 phantoms
  2 centaurs
  3 sky beasts
  9 orc warriors
  A wasp (D:7)
  2 necrophages
  8 crocodiles
  7 ogres
  Blork the orc (D:5)
  14 giant frogs
  2 scorpions
  16 killer bees
  2 electric eels (Lair:2)
  2 hounds
  2 giant frog zombies (D:6)
  5 orc priests
  5 wights (D:7)
  A human zombie (Ossuary)
  7 crimson imps
  8 orc wizards
  2 centaur skeletons
  5 worker ants
  10 iguanas
  7 sheep (Lair:2)
  2 big kobold zombies (Ossuary)
  A hound zombie (Ossuary)
  4 mummies (Ossuary)
  6 gnolls
  17 adders
  21 river rats
  3 shadow imps
  2 adder zombies (D:5)
  2 adder skeletons
  3 worms
  55 orcs
  7 giant cockroaches
  2 gnoll zombies (Ossuary)
  14 goblins
  11 hobgoblins
  11 jackals
  7 bats
  6 giant geckos
  3 giant newts
  A goblin zombie (Ossuary)
  2 jackal zombies (Ossuary)
  20 kobolds
  A kobold zombie (Ossuary)
  2 orc zombies (Ossuary)
  2 quokkas
  6 rats
394 creatures vanquished.

Vanquished Creatures (collateral kills)
  2 spiny frogs (Lair:2)
  A fire drake (Lair:2)
  3 blink frogs (Lair:3)
  5 yaks (Lair:2)
11 creatures vanquished.

Vanquished Creatures (others)
  A human (D:2)
  A plant (Lair:2)
2 creatures vanquished.

Grand Total: 407 creatures vanquished

Notes
Turn   | Place    | Note
--------------------------------------------------------------
     0 | D:1      | Eptagon the Gargoyle Berserker began the quest for the Orb.
     0 | D:1      | Reached XP level 1. HP: 14/14 MP: 1/1
   109 | D:1      | Reached XP level 2. HP: 18/19 MP: 2/2
   700 | D:2      | Reached XP level 3. HP: 22/24 MP: 3/3
   715 | D:2      | Reached ** piety under Trog
   801 | D:2      | Reached XP level 4. HP: 19/29 MP: 4/4
   901 | D:2      | Reached skill level 4 in Maces & Flails
  1160 | D:2      | Found an ancient bone altar of Kikubaaqudgha.
  1160 | D:2      | Noticed a human
  1163 | D:2      | Killed a human
  1548 | D:3      | Reached XP level 5. HP: 33/33 MP: 5/5
  1631 | D:3      | Reached *** piety under Trog
  2374 | D:4      | Noticed an ogre
  2393 | D:4      | Killed an ogre
  2393 | D:4      | Reached skill level 5 in Maces & Flails
  2393 | D:4      | Reached XP level 6. HP: 31/39 MP: 6/6
  2568 | D:4      | Noticed an ogre
  2574 | D:4      | Killed an ogre
  2581 | D:4      | Reached skill level 5 in Fighting
  2643 | D:4      | Found Xoch's Serpentskin Sales.
  2643 | D:4      | Noticed a water moccasin
  2643 | D:4      | Noticed a water moccasin
  2644 | D:4      | Noticed a water moccasin
  2663 | D:4      | Killed a water moccasin
  2663 | D:4      | Reached XP level 7. HP: 37/44 MP: 7/7
  2671 | D:4      | Killed a water moccasin
  2671 | D:4      | Reached skill level 6 in Maces & Flails
  2677 | D:4      | Killed a water moccasin
  2912 | D:4      | Found an iron altar of Okawaru.
  2969 | D:4      | Reached **** piety under Trog
  3067 | D:4      | Reached skill level 5 in Armour
  3096 | D:5      | Entered Level 5 of the Dungeon
  3140 | D:5      | Got a spiked chain mail
  3151 | D:5      | Reached XP level 8. HP: 47/51 MP: 8/8
  3166 | D:5      | Reached skill level 7 in Maces & Flails
  3187 | D:5      | Identified the +6 chain mail of Egalitarianism {rElec MP+9 Dex-4} (You found it on level 5 of the Dungeon)
  3282 | D:5      | Noticed Blork the orc
  3284 | D:5      | Found a burning altar of Makhleb.
  3287 | D:5      | Noticed a hill giant
  3291 | D:5      | Killed Blork the orc
  3300 | D:5      | Killed a hill giant
  3300 | D:5      | Reached skill level 8 in Maces & Flails
  3718 | D:5      | Found a radiant altar of Vehumet.
  3805 | D:5      | Noticed Prince Ribbit
  3817 | D:5      | Killed Prince Ribbit
  3817 | D:5      | Reached XP level 9. HP: 32/57 MP: 9/9
  4183 | D:5      | Found a snail-covered altar of Cheibriados.
  4600 | D:6      | Reached skill level 9 in Maces & Flails
  4978 | D:6      | Got a shimmering mace
  4979 | D:6      | Identified the cursed +1 mace of True Grit {freeze, rElec Int-5 Dex+2} (You found it on level 6 of the Dungeon)
  5117 | D:6      | Found Myor's Assorted Antiques.
  5125 | D:6      | Bought a scroll labeled HIRRIFR TYRHIBLOHI for 26 gold pieces
  5125 | D:6      | Bought a pair of glowing boots for 117 gold pieces
  5125 | D:6      | Bought a large tourmaline ring for 130 gold pieces
  5231 | D:6      | Found a burning altar of Makhleb.
  5251 | D:6      | Found a shattered altar of Ashenzari.
  5255 | D:6      | Saw a vision of the Swamp and the Spider Nest.
  5255 | D:6      | Noticed an alligator
  5476 | D:7      | Reached skill level 10 in Maces & Flails
  5524 | D:7      | Found a staircase to the Ecumenical Temple.
  5556 | D:7      | Reached XP level 10. HP: 64/64 MP: 10/10
  6161 | D:8      | Found a sand-covered staircase.
  6176 | Ossuary  | Entered an ossuary
  6463 | D:8      | Reached ***** piety under Trog
  6636 | D:8      | Reached skill level 11 in Maces & Flails
  6794 | D:9      | Found a flagged portal.
  6805 | Bailey   | Entered a bailey
  6850 | Bailey   | Received a gift from Trog
  6959 | Bailey   | Got a pitted platinum amulet
  6962 | Bailey   | Identified the amulet "Jehaop" {Faith Int+4 Dex+6} (You took it off a kobold in a bailey)
  6980 | Bailey   | Found a burning altar of Makhleb.
  7027 | D:9      | Found a stormy altar of Qazlal.
  7190 | D:9      | Found a sparkling altar of Nemelex Xobeh.
  7496 | D:9      | Found a shadowy altar of Dithmenos.
  7602 | D:10     | Entered Level 10 of the Dungeon
  7694 | D:10     | Reached XP level 11. HP: 35/71 MP: 11/11
  7712 | D:10     | Reached skill level 12 in Maces & Flails
  7922 | D:10     | Found Ifoeheq's Magic Scroll Boutique.
  7928 | D:10     | Bought a scroll of identify for 22 gold pieces
  7928 | D:10     | Bought a scroll of identify for 22 gold pieces
  7928 | D:10     | Bought a scroll of identify for 22 gold pieces
  7928 | D:10     | Bought a scroll of fog for 22 gold pieces
  7928 | D:10     | Bought a scroll of blinking for 82 gold pieces
  7928 | D:10     | Bought a scroll of blinking for 82 gold pieces
  7928 | D:10     | Bought a scroll of torment for 82 gold pieces
  8131 | D:10     | Found a staircase to the Lair.
  8362 | D:10     | Found a staircase to the Orcish Mines.
  8372 | D:10     | Received a gift from Trog
  8578 | Lair:1   | Entered Level 1 of the Lair of Beasts
  8581 | Lair:1   | Noticed Urug
  8590 | Lair:1   | Killed Urug
  8781 | Lair:1   | Reached skill level 10 in Fighting
  9222 | Lair:1   | Received a gift from Trog
  9596 | Lair:2   | Identified a scroll of acquirement
  9773 | Lair:2   | Reached skill level 13 in Maces & Flails
  9843 | Lair:2   | Reached skill level 10 in Armour
 10222 | Lair:2   | HP: 2/73 [fire drake/blast of flame (7)]
 10373 | Lair:2   | Reached XP level 12. HP: 44/79 MP: 12/12
 11206 | Lair:3   | Received a gift from Trog
 11593 | Lair:3   | Found a hole to the Spider Nest.
 11602 | Lair:3   | Reached skill level 14 in Maces & Flails
 11960 | Lair:4   | Noticed a four-headed hydra
 11976 | Lair:4   | Killed a four-headed hydra
 12138 | Lair:4   | Slain by a komodo dragon

Vault maps used:
D:1:      minmay_arrival_jagged
D:2:      first_bread, tgw_kikubaaqudgha
D:4:      okawaru_metal_pillars_1_2, kennysheep_cluttered_room,
          grunt_decor_resistance, grunt_ministairs_10, guppyfry_shop_venom
D:5:      old_standard_altar, overflow_temple_1_default,
          cheibriados_altar_wand_db, uniq_blork_the_orc, uniq_prince_ribbit1
D:6:      basic_altar, serial_shops, shop, grunt_ashenzari_visionary
D:7:      nicolae_overflow_hidden_temple, minmay_temple_entry_purple_smoke
D:8:      nicolae_ossuary_entry_monument
D:9:      kennysheep_mini_moat, nemelex_deck, enter_bailey_3,
          grunt_qazlal_clouds
D:10:     kennysheep_six_static_rooms, erik_orc_1, serial_shops,
          nicolae_shop_stone
Lair:1:   uniq_sonja, uniq_urug
Lair:2:   serial_bayou_pond_b, grunt_forest_large_clearing_hut,
          serial_bayou_shore_a, lemuel_fruit_tree
Lair:3:   spider_nest_entry_rubble, infiniplex_staircase_pool,
          grunt_megastairs_1
Lair:4:   beast_lair_carwin_8, uniq_josephine
Ossuary:  ossuary_minmay_tomb_2a
Bailey:   bailey_axe_3, bailey

Action                   |  1- 3 |  4- 6 |  7- 9 | 10-12 || total
-------------------------+-------+-------+-------+-------++-------
Melee: Mace              |   113 |   163 |   146 |       ||   422
       Flail             |       |       |   294 |       ||   294
       Dire flail        |       |       |       |   427 ||   427
       Great mace        |       |       |       |   317 ||   317
Invok: Berserk           |     2 |     4 |     2 |     3 ||    11
       Trog's Hand       |       |       |     1 |     4 ||     5
       Brothers in Arms  |       |       |       |     2 ||     2
  Use: Scroll            |     6 |     1 |     5 |    25 ||    37
       Potion            |       |       |       |     5 ||     5
 Stab: Sleeping          |     1 |       |       |       ||     1
  Eat: Chunk             |     2 |     9 |    13 |    26 ||    50
